 Dungeon Crawl Stone Soup version 0.29.1-2-gbd0b4ee654 (webtiles) character file.

Game seed: 6779113214183417810

214 DildoBatman the Conjurer (level 6, -6/43 HPs)
             Began as a Formicid Conjurer on Oct 26, 2022.
             Mangled by a bullfrog (7 damage)
             ... in a sewer.
             The game lasted 00:05:52 (1932 turns).

DildoBatman the Conjurer (Formicid Conjurer)        Turns: 1932, Time: 00:05:53

Health: -6/43      AC:  2    Str: 11    XL:     6   Next: 15%
Magic:  7/9        EV: 12    Int: 18    God:
Gold:   102        SH:  0    Dex: 14    Spells: 6/9 levels left

rFire   . . .      SeeInvis +   a - +1 dagger (venom)
rCold   . . .      Faith    .   (no shield)
rNeg    . . .      Spirit   .   j - +0 robe
rPois   +          Reflect  .   (helmet unavailable)
rElec   .          Harm     .   (no cloak)
rCorr   .          Rampage  .   (no gloves)
Will    .....                   (no boots)
Stlth   ++........              (no amulet)
HPRegen 0.14/turn               g - ring of poison resistance
MPRegen 0.11/turn               (no ring)

@: no status effects
A: permanent stasis, dig shafts and tunnels, antennae 3, four strong arms
a: Dig


You were in a sewer.
You visited 1 branch of the dungeon, and saw 3 of its levels.
You also visited: Sewer.

You collected 102 gold pieces.

Inventory:

Hand Weapons
 a - a +1 dagger of venom (weapon)
 f - a +0 short sword
Missiles
 d - 13 stones (quivered)
 e - 9 poisoned darts
 l - 2 throwing nets
Armour
 j - a +0 robe (worn)
Jewellery
 g - a ring of poison resistance (left hand)
Wands
 r - a wand of digging (9)
 t - a wand of roots (9)
Scrolls
 c - a scroll of teleportation {unknown}
 h - a scroll of magic mapping {unknown}
 i - 2 scrolls of identify {unknown}
 m - a scroll of immolation {unknown}
 n - 2 scrolls of acquirement {unknown}
 o - a scroll of torment {unknown}
 p - a scroll of blinking {unknown}
Potions
 b - 2 potions of magic
 k - a potion of curing {unknown}
 q - 3 potions of heal wounds {unknown}
 s - a potion of mutation {unknown}


   Skills:
 * Level 1.4 Fighting
 * Level 1.4 Armour
 - Level 1.7 Dodging
 - Level 2.4 Stealth
 - Level 2.1 Spellcasting
 - Level 6.0 Conjurations


You had 6 spell levels left.
You knew the following spells:

 Your Spells              Type           Power      Damage    Failure   Level
a - Searing Ray           Conj           46%        2d6       2%          2
c - Magic Dart            Conj           92%        1d7       1%          1

Your spell library contained the following spells:

 Spells                   Type           Power      Damage    Failure   Level
 Dazzling Flash           Conj/Hex       24%        N/A       16%         3
 Apportation              Tloc           2%         N/A       19%         1
 Necrotise                Necr           4%         1d4       19%         1
 Summon Small Mammal      Summ           4%         N/A       19%         1
 Fulminant Prism          Conj/Hex       6%         3d7       45%         4
 Iskenderun's Mystic Bla  Conj/Tloc      12%        2d5       45%         4


Dungeon Overview and Level Annotations

Branches:
Dungeon (3/15)              Sewer (1/1)

Altars:

Annotations:
D:3 Ijyb


Innate Abilities, Weirdness & Mutations

You cannot be hasted, slowed, berserked, paralysed or teleported.
You can dig through walls and to a lower floor.
You have a pair of large antennae on your head. (SInv)
Your four strong arms can wield two-handed weapons with a shield.


Message History

The bullfrog closely misses you. The bullfrog hits you.
You hit the bullfrog.
The bullfrog looks as sick as possible!
The bullfrog is severely wounded.
The grasping roots constrict the bullfrog.
You kill the bullfrog!
The grasping roots constrict the bullfrog.
The roots release their grip on the bullfrog.
The bullfrog hits you but does no damage.
The bullfrog hits you!
Training target 6.0 for Conjurations reached!
Your Conjurations skill increases to level 6!
You need to enable at least one skill for training.
Your Fighting skill increases to level 1!
Your Armour skill increases to level 1!
You have reached level 6!
Aiming: Fastroot
Press: ? - help, Shift-Dir - straight line The roots erupt in riotous growth!
Roots grab the bullfrog.
Roots grab the adder.
The grasping roots constrict the adder!
The grasping roots constrict the bullfrog.
The bullfrog closely misses you. The adder closely misses you.
The grasping roots constrict the adder!
You kill the adder!
The grasping roots constrict the bullfrog!
The roots release their grip on the bullfrog.
The bullfrog hits you.
Casting: Magic Dart (safe; 1% risk of failure)
Confirm with . or Enter, or press ? or * to list all spells.
Aiming: Searing Ray (safe; 2% risk of failure)
Press: ? - help, Shift-Dir - straight line, f - bullfrog
Aim: a bullfrog (almost dead, 72% to hit)
The searing ray misses the bullfrog. (Press . to maintain the ray.)
The bullfrog hits you!
You die...

# ≈.(??~≈≈≈~~≈~.# #∩# #
≈~r$B≈≈≈≈~~≈~.# #.# #
≈.~{≈≈≈≈≈.~≈~.# #∩# #
≈≈.≈≈≈≈≈≈.~≈~÷# #.# #
≈≈≈≈≈≈≈~≈.~≈÷.# #.# #
≈≈≈≈≈≈~≈~.~≈~.###~## #
≈≈≈≈≈≈≈≈#†~≈~.##.~.# #
≈≈≈≈≈≈≈≈#F~≈~.##~~~# #
#≈≈≈≈≈###@~≈~.##~~.# #
###### #.~≈~.##~~.# #
#.~≈~.##.~~# # #.~≈~~##~~~#
################.~≈~~##~~~##
..†.~~~.~~.~..~~~~≈~~~~~~..#
~~~~~~~~~~~~~~~~~~≈~~~~~~~.#
~≈≈≈≈≈≈≈≈≈≈≈≈≈≈≈≈≈≈≈≈≈≈≈≈†.#
~~~~~~~~~†~~~~~~≈~~~~~~~≈~.#


You could see a bullfrog.

Vanquished Creatures
  A bullfrog (Sewer)
  8 adders
  A worm (D:2)
  2 dart slugs (D:2)
  4 bats
  4 endoplasms
  6 giant cockroaches
  2 goblins
  6 hobgoblins
  7 jackals (D:2)
  8 quokkas
  3 ball pythons
  6 frilled lizards
  3 kobolds
  6 rats
67 creatures vanquished.

Notes
Turn   | Place    | Note
-------+----------+-------------------------------------------
     0 | D:1      | DildoBatman the Formicid Conjurer began the quest for the
                  | Orb.
     0 | D:1      | Reached XP level 1. HP: 13/13 MP: 3/3
   243 | D:1      | Reached XP level 2. HP: 19/19 MP: 1/5
   244 | D:1      | Reached skill level 4 in Conjurations
   247 | D:1      | Learned a level 2 spell: Searing Ray
   639 | D:2      | Reached XP level 3. HP: 24/24 MP: 0/6
   850 | D:2      | Reached XP level 4. HP: 28/30 MP: 2/7
  1143 | D:2      | Reached skill level 5 in Conjurations
  1309 | D:3      | Noticed Ijyb
  1384 | D:3      | Found a glowing drain.
  1430 | Sewer    | Entered a sewer
  1472 | Sewer    | Reached XP level 5. HP: 29/35 MP: 0/8
  1923 | Sewer    | Noticed a bullfrog
  1923 | Sewer    | Noticed a bullfrog
  1929 | Sewer    | Killed a bullfrog
  1930 | Sewer    | Reached skill level 6 in Conjurations
  1930 | Sewer    | Reached skill level 1 in Fighting
  1930 | Sewer    | Reached skill level 1 in Armour
  1930 | Sewer    | Reached XP level 6. HP: 6/43 MP: 9/9
  1931 | Sewer    | HP: 1/43 [bullfrog (6)]
  1932 | Sewer    | Mangled by a bullfrog

Illustrated notes

Levels and vault maps discovered:
D:1:      lemuel_arrival_behind_the_door_small, layout_rooms, minmay_tall_x
D:2:      layout_basic
D:3:      layout_loops_ring, portal_sewer_entry_d,
          ebering_ghost_reflecting_pool, grunt_decor_one_mirror, uniq_ijyb
Sewer:    sewer_frog_island_01

Skill      XL: |  1  2  3  4  5 |
---------------+----------------+-----
Conjurations   | 4 5 6 |  6.0
Fighting       | 1 |  1.4
Armour         | 1 |  1.4
Dodging        | |  1.7
Stealth        | |  2.4
Spellcasting   | |  2.1

Action                   |  1- 3 |  4- 6 || total
-------------------------+-------+-------++-------
Melee: Unarmed           |    18 |       ||    18
       Dagger            |    23 |    34 ||    57
       Short sword       |     1 |       ||     1
 Cast: Magic Dart        |    25 |    41 ||    66
       Searing Ray       |     5 |     6 ||    11
 Abil: Dig               |     1 |     1 ||     2
Evoke: Wand              |       |     2 ||     2
 Stab: Sleeping          |     1 |     1 ||     2
Armor: Robe              |    16 |    11 ||    27
Dodge: Dodged            |    45 |    31 ||    76
